 Dungeon Crawl Stone Soup version 0.30-a0-847-g17996783a1 (webtiles) character file.

Game seed: 7856643948100968177

138 Dittersdorf the Covered (level 5, 0/33 HPs)
             Began as a Gargoyle Fighter on Mar 3, 2023.
             Frozen to death by an endoplasm (3 damage)
             ... on level 3 of the Dungeon.
             The game lasted 00:02:03 (1637 turns).

Dittersdorf the Covered (Gargoyle Fighter)          Turns: 1637, Time: 00:02:04

Health: 0/33       AC:  9    Str: 21    XL:     5   Next: 21%
Magic:  5/5        EV:  7    Int:  9    God:
Gold:   115        SH:  4    Dex:  9    Spells: 4/4 levels left

rFire   . . .      SeeInvis .    a - +0 flail
rCold   . . .      Faith    .    c - +0 buckler
rNeg    + . .      Spirit   .    i - +0 chain mail
rPois   ∞          Reflect  .    (no helmet)
rElec   +          Rampage  .    (no cloak)
rCorr   .                        (no gloves)
Will    .....                    (no boots) Stlth
                                 (no amulet)
HPRegen 0.25/turn                (no ring)
MPRegen 0.09/turn                (no ring)

@: corroded
A: sickness immunity, AC +4, negative energy resistance 1, electricity
resistance, torment resistance 1, petrification resistance
a: no special abilities


You were on level 3 of the Dungeon.
You visited 1 branch of the dungeon, and saw 3 of its levels.

You collected 115 gold pieces.

Inventory:

Hand Weapons
 a - a +0 flail (weapon)
Armour
 c - a +0 buckler (worn)
 i - a +0 chain mail (worn)
Scrolls
 b - 2 scrolls of enchant weapon {unknown}
 f - a scroll of enchant armour {unknown}
 g - 2 scrolls of blinking {unknown}
 h - 3 scrolls of identify {unknown}
 k - a scroll of amnesia {unknown}
 l - a scroll of vulnerability {unknown}
 m - a scroll of magic mapping {unknown}
Potions
 d - 2 potions of might
 e - 2 potions of curing {unknown}
 j - a potion of attraction {unknown}
 n - 2 potions of resistance {unknown}


   Skills:
 + Level 4.2 Fighting
 + Level 3.1 Maces & Flails
 + Level 4.2 Armour
 + Level 4.2 Shields


You had 4 spell levels left.
You didn't know any spells.
Your spell library contained the following spells:

 Spells                   Type           Power      Damage    Failure   Level
 Apportation              Tloc           0%         N/A       99%         1
 Necrotise                Necr           0%         1d4       99%         1
 Summon Small Mammal      Summ           0%         N/A       99%         1


Dungeon Overview and Level Annotations

Branches:
Dungeon (3/15)

Altars:
Dithmenos

Annotations:
D:1 1 transporter


Innate Abilities, Weirdness & Mutations

You are immune to sickness and miasma.
Your stone body is resilient. (AC +4)
You are immune to poison.
You resist negative energy. (rN+)
You are resistant to electric shocks. (rElec)
You are resistant to unholy torment.
You are immune to petrification.


Message History

You are too injured to fight recklessly!
You are too injured to fight recklessly!
You are too injured to fight recklessly!
You hit the jelly.
You kill the jelly!
Your Fighting skill increases to level 4!
Your Maces & Flails skill increases to level 3!
You hit the endoplasm.
You kill the endoplasm!
You hit the jelly.
Your hands burn!
The jelly is lightly wounded.
The jelly closely misses you.
You hit the jelly but do no damage.
Your hands burn!
* * * LOW HITPOINT WARNING * * *
The jelly is lightly wounded.
The jelly hits you but does no damage.
You sock the jelly!
Your hands burn!
* * * LOW HITPOINT WARNING * * *
The jelly is almost dead.
The jelly barely misses you. The jelly hits you but does no damage.
You hit the jelly but do no damage.
Your hands burn!
* * * LOW HITPOINT WARNING * * *
The jelly is almost dead.
The jelly hits you but does no damage.
You sock the jelly!
You kill the jelly!
You have reached level 5!
You hit the endoplasm but do no damage.
The endoplasm hits you but does no damage. x2
You hit the endoplasm.
The endoplasm is lightly wounded.
The endoplasm hits you but does no damage.
You hit the endoplasm but do no damage.
The endoplasm is lightly wounded.
You block the endoplasm's attack.
You hit the endoplasm.
The endoplasm is heavily wounded.
The endoplasm freezes you.
You are frozen.
You die...

.....# .###.## ### .#
#.># #######.##..÷..!#
[###.####....#.#.#PP.P÷P#
......##.....#.#.#÷...J.#
##.##.'..)...#'#.#JPJPP.#
#....'........#)#.JJJ..#
#.##.'..(.....#.#PJPPPP#
#.##.##.......#@#......#
#.######......##JJ÷P÷PP#
#..#.# ##########J.....#
##.#.# ###### #######
#.#.###....########
#.................
#..####.........###
#<.####............
#..................


You could see 3 endoplasms.

Vanquished Creatures
  2 jellies (D:3)
  An adder (D:3)
  A worm (D:2)
  6 ball pythons
  7 bats
  6 endoplasms
  2 giant cockroaches (D:1)
  7 goblins
  7 hobgoblins
  2 quokkas
  7 frilled lizards
  13 kobolds
  6 rats
67 creatures vanquished.

Vanquished Creatures (others)
  4 toadstools (D:3)
4 creatures vanquished.

Grand Total: 71 creatures vanquished

Notes
Turn   | Place    | Note
-------+----------+-------------------------------------------
     0 | D:1      | Dittersdorf the Gargoyle Fighter began the quest for the
                  | Orb.
     0 | D:1      | Reached XP level 1. HP: 14/14 MP: 1/1
    11 | D:1      | Found a faded altar of an unknown god.
    97 | D:1      | Reached XP level 2. HP: 19/19 MP: 2/2
   235 | D:1      | Reached XP level 3. HP: 21/23 MP: 3/3
   735 | D:2      | Found a shadowy altar of Dithmenos.
  1103 | D:2      | Reached XP level 4. HP: 26/29 MP: 4/4
  1632 | D:3      | HP: 1/29 [acid (4)]
  1634 | D:3      | Reached XP level 5. HP: 1/33 MP: 5/5
  1637 | D:3      | Frozen to death by an endoplasm

Illustrated notes

Levels and vault maps discovered:
D:1:      spicycebolla_arrival_risky_transporter, layout_basic,
          dreamdust_ecumenical_altar_grove
D:2:      layout_loops_ring, basic_altar
D:3:      cheibrodos_fertilizer, layout_loops_ring, lemuel_round_altar,
          uniq_robin, uniq_crazy_yiuf_cottage, uniq_natasha

Skill      XL: |  1  2  3  4 |
---------------+-------------+-----
Armour         | 4 |  4.2
Shields        | 4 |  4.2
Fighting       | 4 |  4.2
Maces & Flails | 3 |  3.1

Action                     |  1- 3 |  4- 6 || total
---------------------------+-------+-------++-------
  Melee: Flail             |   195 |    57 ||   252
 Armour: Scale mail        |    77 |       ||    77
         Chain mail        |    54 |    35 ||    89
  Dodge: Dodged            |    91 |    13 ||   104
  Block: Buckler           |    43 |    10 ||    53

Table legend: (Time is in decaauts)
 A = Elapsed time spent in this place.
 B = Non-inter-level travel time spent in this place.
 C = Inter-level travel time spent in this place.
 D = Time resting spent in this place.
 E = Time spent auto-exploring this place.
 F = Levels seen in this place.
 G = Mean time per level.
                   A        B        C        D        E       F      G
               +--------+--------+--------+--------+--------+-----+--------+
         Total |   1715 |   1650 |     65 |      0 |   1161 |   3 |  571.7 |
       Dungeon |   1715 |   1650 |     65 |      0 |   1161 |   3 |  571.7 |
               +--------+--------+--------+--------+--------+-----+--------+

Top non-repeatable levels by time:
     D:2: 887 daAuts
     D:1: 639 daAuts
     D:3: 189 daAuts
